Map: Eternal Empire LE

Players

Reynor - Winner!

  • Race: Zerg Zerg
  • Spawn Location: 1:00

INnoVation

  • Race: Terran Terran
  • Spawn Location: 7:00

Event: DreamHack SC2 Masters 2020 Summer Season Finals

VOD

Have the link to the VOD?

Description

Time

  • Played on: July 18, 2020, 11:25 a.m.
  • Length: 10:57

All games in this series

Show
View Real Time Build Order
Export as new Build Order

Reynor Zerg - Winner!

Build Orders: Hatch First, Muta Ling Bane 

Get SALT Encoding   

  12  0:00  Drone  
  13  0:12  Overlord  
  13  0:16  Drone  
  14  0:30  Drone x2  
  16  0:48  Hatchery  
  15  0:52  Drone  
  15  0:55  Drone  
  17  0:59  Drone  
  18  1:11  Extractor  
  18  1:15  Spawning Pool  
  16  1:18  Drone  
  16  1:22  Drone  
  18  1:28  Drone  
  19  1:38  Drone  
  20  2:02  Zergling x2, Queen x2  
  20  2:03  Overlord, Zergling x2  
  26  2:10  Drone  
  26  2:11  Drone  
  28  2:16  Metabolic Boost  
  28  2:22  Drone x2  
  30  2:32  Drone x2  
  32  2:37  Queen  
  32  2:42  Queen  
  36  2:47  Overlord  
  36  2:52  Overlord  
  37  3:05  Drone x4  
  37  3:09  Drone  
  37  3:11  Drone x2  
  37  3:12  Drone x2  
  45  3:14  Drone  
  46  3:20  Drone x2  
  48  3:30  Hatchery  
  47  3:35  Lair  
  47  3:38  Drone  
  47  3:40  Extractor  
  47  3:42  Baneling Nest  
  47  3:44  Drone  
  47  3:47  Zergling x4  
  49  3:48  Drone  
  49  3:49  Drone  
  49  3:54  Overlord  
  49  3:55  Drone  
  52  4:04  Overlord, Extractor  
  52  4:05  Extractor  
  52  4:06  Drone x2  
  52  4:12  Drone  
  52  4:13  Queen  
  52  4:14  Drone x2  
  57  4:19  Drone x3  
  57  4:23  Overlord  
  59  4:27  Zergling x2  
  59  4:30  Drone x2  
  62  4:36  Overseer  
  62  4:38  Spire  
  62  4:39  Zergling x4  
  62  4:42  Drone  
  62  4:43  Drone  
  65  4:48  Drone x3  
  65  4:50  Drone  
  69  4:55  Drone x2  
  71  5:00  Overlord  
  71  5:06  Drone x2  
  73  5:11  Overlord  
  73  5:14  Drone  
  73  5:20  Drone  
  75  5:22  Drone  
  75  5:24  Hatchery, Drone  
  75  5:27  Overlord  
  76  5:30  Drone x2  
  76  5:31  Drone x4  
  76  5:33  Extractor  
  76  5:34  Extractor  
  80  5:38  Overlord  
  80  5:39  Drone  
  80  5:40  Drone  
  82  5:47  Evolution Chamber, Drone  
  82  5:50  Mutalisk x4  
  82  5:51  Evolution Chamber  
  82  5:52  Zerg Flyer Weapons Level 1  
  82  5:56  Mutalisk  
  91  5:57  Mutalisk  
  91  6:00  Mutalisk x2  
  91  6:02  Zergling x6  
  100  6:05  Overlord  
  100  6:07  Drone  
  100  6:10  Mutalisk x2  
  105  6:12  Drone  
  105  6:17  Overlord  
  106  6:20  Zerg Ground Armor Level 1  
  106  6:23  Drone x3, Overlord  
  109  6:28  Zerg Melee Weapons Level 1  
  109  6:29  Drone x2  
  109  6:30  Drone x2  
  109  6:32  Drone  
  114  6:35  Centrifical Hooks  
  114  6:38  Drone x4  
  114  6:39  Drone  
  119  6:40  Mutalisk  
  121  6:53  Overlord  
  121  6:54  Zergling x12  
  121  6:57  Zergling x2  
  121  6:58  Zergling x2  
  121  7:01  Zergling x6  
  131  7:03  Baneling x6  
  131  7:04  Zergling x8  
  135  7:08  Baneling x2  
  135  7:09  Baneling, Overlord x2  
  135  7:10  Overlord  
  135  7:12  Overlord  
  135  7:16  Baneling x2  
  135  7:18  Zergling x6  
  135  7:20  Mutalisk x2  
  142  7:23  Zergling x2  
  142  7:26  Baneling x4  
  142  7:29  Mutalisk x2  
  143  7:31  Zergling x8  
  143  7:33  Zergling x2  
  143  7:34  Zergling x16  
  160  7:40  Zergling x2  
  160  7:42  Mutalisk  
  161  7:45  Baneling x5  
  161  7:48  Zergling x6  
  164  7:54  Zergling x4  
  164  7:56  Zergling x2  
  164  7:58  Mutalisk  
  159  8:03  Mutalisk  
  158  8:06  Zergling x8  
  158  8:08  Zergling x18  
  158  8:10  Baneling x8  
  158  8:11  Overlord  
  158  8:12  Overlord  
  170  8:17  Hatchery  
  160  8:20  Zergling x6  
  160  8:21  Queen  
  160  8:26  Zergling x4  
  165  8:28  Zergling x2  
  165  8:32  Zergling x2  
  165  8:34  Zergling x8  
  147  8:37  Zergling x2  
  147  8:38  Zergling x2  
  147  8:39  Baneling x10  
  131  8:42  Zergling x6  
  131  8:44  Mutalisk x3  
  131  8:47  Drone x5  
  140  8:49  Baneling  
  140  8:53  Unknown, Zergling x4  
  140  8:54  Zergling x2  
  142  8:56  Zergling x2  
  142  9:01  Mutalisk  
  145  9:03  Zergling x2  
  145  9:04  Drone  
  145  9:09  Zergling x2  
  148  9:13  Zergling x6  
  148  9:15  Baneling  
  148  9:16  Baneling x5  
  151  9:17  Overlord  
  151  9:18  Zergling x12  
  151  9:19  Zergling x6  
  151  9:24  Hatchery  
  157  9:28  Mutalisk x2  
  157  9:30  Zergling x4  
  163  9:34  Drone  
  163  9:38  Zergling x2  
  165  9:39  Baneling x5  
  165  9:40  Zergling x6  
  165  9:42  Drone x3  
  165  9:43  Zergling x6  
  165  9:44  Zergling x10  
  179  9:53  Mutalisk x3, Overlord  
  179  9:57  Zergling x6  
  188  10:01  Baneling x4  
  188  10:02  Overlord  
  188  10:06  Zergling x2  
  188  10:07  Zergling x6  
  192  10:12  Zergling x8  
  193  10:17  Zergling x22  
  190  10:22  Zergling x4  
  190  10:27  Zergling x6  
  187  10:30  Infestation Pit, Zergling x4  
  188  10:39  Zergling x4  
Show
View Real Time Build Order
Export as new Build Order

INnoVation Terran 

Build Orders: Reaper Expand 

Get SALT Encoding   

  12  0:00  SCV  
  13  0:13  SCV  
  14  0:17  Supply Depot  
  14  0:25  SCV  
  15  0:39  SCV  
  15  0:40  Barracks  
  16  0:44  Refinery  
  16  0:51  SCV  
  17  1:03  SCV  
  18  1:15  SCV  
  19  1:27  Orbital Command  
  19  1:28  Reaper  
  20  1:43  Command Center  
  20  1:53  SCV  
  21  1:55  Supply Depot  
  21  2:00  Marine  
  22  2:05  SCV  
  23  2:11  Factory  
  23  2:17  Marine, SCV  
  25  2:29  SCV  
  26  2:36  Barracks Reactor  
  26  2:41  SCV  
  27  2:44  Refinery  
  27  2:53  SCV  
  27  2:56  Orbital Command  
  28  2:59  Starport  
  28  3:05  SCV  
  28  3:12  Command Center  
  29  3:18  SCV  
  30  3:20  Barracks Tech Lab  
  30  3:22  Hellion  
  30  3:24  SCV  
  33  3:29  Hellion  
  33  3:32  SCV  
  36  3:37  Viking  
  36  3:41  Supply Depot  
  38  3:43  SCV  
  38  3:45  SCV  
  38  3:48  Stimpack  
  41  3:55  SCV  
  41  3:57  SCV  
  41  3:59  Hellion x2  
  46  4:08  SCV  
  46  4:09  SCV  
  48  4:10  Starport Reactor  
  48  4:20  SCV  
  48  4:21  SCV  
  50  4:25  Orbital Command  
  50  4:29  Barracks  
  50  4:30  Factory Tech Lab  
  50  4:32  SCV, Barracks  
  50  4:33  SCV  
  50  4:38  Engineering Bay x2  
  52  4:44  SCV  
  52  4:45  SCV  
  54  4:48  Refinery  
  54  4:49  Refinery  
  54  4:52  Orbital Command  
  54  4:56  Supply Depot, SCV  
  54  4:57  Marine, Starport Reactor, SCV  
  57  5:08  Terran Infantry Weapons Level 1, Terran Infantry Armor Level 1, SCV  
  57  5:09  SCV  
  57  5:11  Siege Tank  
  57  5:14  Marine  
  57  5:19  Barracks  
  57  5:20  Barracks  
  58  5:21  Marine x2  
  58  5:23  SCV x3  
  58  5:26  Marine x2  
  65  5:29  Supply Depot  
  65  5:35  SCV x3  
  68  5:37  Missile Turret  
  68  5:41  Missile Turret  
  68  5:42  Missile Turret  
  68  5:45  Marine x2  
  68  5:46  Marine x2  
  68  5:48  Marine  
  73  5:51  Combat Shield  
  73  5:56  Supply Depot  
  73  5:57  Medivac  
  75  5:59  Medivac  
  77  6:04  Siege Tank  
  77  6:09  Barracks Reactor x2  
  77  6:10  Supply Depot  
  77  6:11  Marine  
  81  6:12  Marine  
  81  6:13  Marine  
  81  6:14  Marine  
  81  6:15  Marine  
  85  6:20  Supply Depot  
  85  6:26  Medivac  
  85  6:28  Marine, SCV x3  
  85  6:29  Medivac  
  93  6:34  Supply Depot  
  93  6:35  Marine x4  
  93  6:38  Siege Tank  
  99  6:45  SCV x2  
  99  6:46  Marine, SCV  
  103  6:49  Supply Depot  
  103  6:52  Armory  
  102  6:56  Marine  
  102  6:57  Marine x7  
  109  7:02  Supply Depot  
  109  7:03  SCV x2  
  109  7:04  Marine  
  110  7:11  Siege Tank  
  110  7:14  Marine x2  
  110  7:15  Marine x6  
  121  7:19  Medivac  
  121  7:22  Supply Depot  
  122  7:25  Medivac  
  122  7:32  SCV x2  
  122  7:36  Marine x6  
  122  7:37  Marine x2  
  132  7:45  Supply Depot  
  132  7:46  Terran Infantry Weapons Level 2  
  131  7:51  Terran Infantry Armor Level 2  
  131  7:57  Marine  
  128  8:01  Siege Tank  
  128  8:03  SCV x3  
  125  8:07  Marine  
  125  8:11  Marine x7  
  133  8:13  Refinery  
  133  8:18  Medivac x2  
  133  8:19  Marine  
  133  8:25  Marine  
  129  8:29  Marine x2  
  102  8:36  Marine x2  
  102  8:37  Marine  
  102  8:39  SCV x3  
  81  8:43  Siege Tank  
  81  8:44  Marine x4  
  81  8:47  Marine  
  82  8:51  Medivac  
  82  8:53  Marine  
  82  8:54  Marine x2  
  87  9:00  Marine  
  87  9:02  Marine x4  
  91  9:06  Medivac  
  91  9:08  Marine  
  94  9:11  Marine x2  
  94  9:12  Marine  
  94  9:15  Siege Tank  
  100  9:17  Marine  
  100  9:19  Marine  
  100  9:20  Marine x2  
  104  9:24  Medivac  
  104  9:27  Marine x2  
  104  9:28  Refinery, Marine  
  104  9:29  Marine  
  104  9:30  Marine  
  111  9:35  Marine  
  111  9:37  Marine, Medivac  
  111  9:38  Marine x2  
  117  9:44  Marine  
  117  9:45  Marine  
  119  9:46  Marine  
  119  9:47  Marine  
  119  9:48  Marine  
  122  9:53  Marine  
  122  9:54  Supply Depot  
  122  9:55  Marine x2  
  122  9:56  Marine  
  125  10:02  Marine  
  125  10:03  Marine  
  125  10:04  Siege Tank, Marine  
  125  10:05  Marine  
  125  10:06  Marine  
  133  10:11  Marine  
  133  10:13  Marine x3  
  129  10:20  Marine x2  
  111  10:22  Marine  
  111  10:23  Marine  
  111  10:24  Marine  
  111  10:29  Marine  
  111  10:31  Marine x3  
  115  10:38  Marine x2  
Tags
 
Add a new tag
Caveats
  • Supply blocks, unpowered buildings, or Contaminate may cause inaccurate times.
  • Supply counts are checked every 10 seconds.